AoeStats
← 极地沙尘暴

Arena

507276350Analyzed
3v3 RM · 15d ago on Sep 17, 2026· 60m 38s· 6 players
Game mode
Random Map
Map size
Normal (6 player)
Population
200
Speed
Normal
Resources
Standard
Victory
Conquest
Starting age
Dark Age
Ending age
Imperial Age
RankedLock teamsTeams togetherTeam positionsShared explorationLock speedFull tech treeHidden civsTurbo modeCheats
Victory
Defeat
🇧🇩 Persians · Bangladesh
1277
+18
🇹🇷 Turks · Türkiye
1241
+19
🇲🇰 Saracens · North Macedonia
1223
+20
🇨🇳 Mongols · China
1462
-25
🇨🇳 Vietnamese · China
1462
-25
🇨🇳 Huns · China
1006
-20
gonzavertigo
8:44 Loom
10:35 Feudal Age
11:10 Double-Bit Axe
14:22 Castle Age
12:54 Horse Collar
15:27 Bow Saw
16:23 Gold Mining
18:11 Loom
20:28 Heavy Plow
23:39 Wheelbarrow
24:36 Padded Archer Armor
24:42 Stone Mining
25:39 Leather Archer Armor
28:36 Hand Cart
29:49 Gold Shaft Mining
29:22 Town Watch
32:37 Imperial Age
32:39 Town Patrol
34:49 Two-Man Saw
35:30 Treadmill Crane
36:23 Scale Barding Armor
36:30 Forging
37:17 Bloodlines
38:14 Conscription
38:11 Husbandry
39:34 Iron Casting
40:24 Chain Barding Armor
41:51 Blast Furnace
44:25 Plate Barding Armor
47:42 Fletching
Illusion_ecs_crew
10:25 Feudal Age
14:04 Castle Age
12:02 Horse Collar
12:09 Double-Bit Axe
15:00 Bow Saw
15:24 Heavy Plow
20:25 Wheelbarrow
21:28 Stone Mining
23:11 Gold Mining
25:35 Hand Cart
30:33 Imperial Age
29:29 Gold Shaft Mining
30:00 Scale Barding Armor
30:24 Loom
30:30 Town Watch
30:43 Onager
32:20 Bloodlines
32:11 Husbandry
32:32 Chain Barding Armor
36:27 Herbal Medicine
36:26 Elite Mameluke
37:56 Conscription
48:43 Plate Barding Armor
51:00 Light Cavalry
51:52 Forging
51:54 Siege Onager
53:51 Iron Casting
53:43 Hussar
60:03 Chemistry
59:24 Ballistics
59:17 Siege Engineers
59:23 Masonry
60:11 Spies/Treason
Kamrul007
7:32 Loom
10:38 Feudal Age
15:41 Castle Age
13:48 Double-Bit Axe
13:46 Horse Collar
15:32 Bloodlines
16:39 Forging
17:13 Town Watch
18:06 Scale Barding Armor
22:46 Bow Saw
23:28 Heavy Plow
24:05 Wheelbarrow
24:08 Gold Mining
24:18 Stone Mining
26:17 Hand Cart
30:25 Imperial Age
28:35 Town Patrol
28:38 Husbandry
29:28 Iron Casting
29:35 Chain Barding Armor
31:05 Conscription
30:23 Cavalier
31:45 Plate Barding Armor
32:35 Blast Furnace
32:12 Ballistics
31:52 Murder Holes
33:47 Chemistry
33:38 Gold Shaft Mining
33:39 Stone Shaft Mining
33:52 Savar
40:05 Light Cavalry
45:09 Pikeman
45:34 Gambesons
45:50 Squires
45:36 Arson
45:55 Scale Mail Armor
46:08 Halberdier
47:07 Chain Mail Armor
47:02 Caravan
47:02 Hussar
48:21 Plate Mail Armor
极地沙尘暴
10:51 Feudal Age
11:59 Loom
12:05 Double-Bit Axe
14:41 Castle Age
13:00 Horse Collar
15:47 Bow Saw
15:30 Gold Mining
17:11 Scale Mail Armor
22:38 Fortified Wall
25:06 Wheelbarrow
24:50 Fletching
26:37 Hand Cart
27:43 Bodkin Arrow
31:04 Imperial Age
30:35 Padded Archer Armor
31:59 Ballistics
32:46 Chemistry
31:48 Bracer
32:58 Two-Man Saw
32:01 Heavy Plow
32:32 Paper Money
33:23 Guilds
34:30 Chain Mail Armor
34:26 Forging
35:29 Thumb Ring
34:54 Elite Rattan Archer
35:45 Pikeman
35:51 Elite Fire Lancer
37:51 Pikeman
38:32 Squires
38:54 Arson
39:43 Plate Mail Armor
39:48 Iron Casting
42:19 Halberdier
44:30 Leather Archer Armor
45:24 Capped Ram
46:30 Stone Mining
52:28 Crop Rotation
57:35 Coinage
剃刀割猪头
9:55 Feudal Age
13:43 Castle Age
11:38 Double-Bit Axe
12:05 Horse Collar
15:02 Bow Saw
18:07 Heavy Plow
25:43 Wheelbarrow
24:54 Loom
25:12 Gold Mining
27:06 Hand Cart
29:55 Imperial Age
27:26 Fletching
28:45 Forging
29:00 Husbandry
29:11 Bloodlines
29:20 Scale Barding Armor
29:26 Nomads
30:06 Gold Shaft Mining
29:21 Stone Mining
31:04 Conscription
30:07 Elite Steppe Lancer
31:26 Iron Casting
32:16 Chain Barding Armor
33:07 Blast Furnace
34:03 Stone Shaft Mining
33:34 Bodkin Arrow
34:02 Ballistics
34:25 Bracer
34:26 Padded Archer Armor
38:41 Chemistry
39:47 Fortified Wall
39:48 Masonry
40:16 Hoardings
40:57 Siege Engineers
41:01 Town Watch
42:14 Murder Holes
43:25 Thumb Ring
43:38 Leather Archer Armor
43:50 Parthian Tactics
55:04 Light Cavalry
通共大将军
12:26 Feudal Age
19:17 Castle Age
17:25 Double-Bit Axe
17:34 Stone Mining
17:35 Gold Mining
17:27 Horse Collar
19:36 Crossbowman
20:21 Thumb Ring
20:55 Bow Saw
22:59 Gold Shaft Mining
24:04 Heavy Plow
24:34 Fletching
24:45 Padded Archer Armor
30:19 Bodkin Arrow
30:39 Leather Archer Armor
30:47 Leather Archer Armor
35:14 Imperial Age
38:20 Marauders
38:04 Pikeman
39:37 Halberdier
47:08 Bloodlines
47:00 Husbandry
47:19 Bloodlines
47:10 Husbandry
Connection lost

Rejoining the realm…

Still unreachable

The connection could not be restored.

Session expired

The server has moved on; the page needs a fresh start.